 Dungeon Crawl Stone Soup version 0.19-a0-49-gb8736b8 (webtiles) character file.

100 M4edhros the Ruffian (level 4, 0/44 HPs)
             Began as a Troll Monk on May 6, 2016.
             Was a Believer of Kikubaaqudgha.
             Slain by a wraith (11 damage)
             ... in an ossuary.
             The game lasted 00:04:02 (669 turns).

M4edhros the Ruffian (Troll Monk)                    Turns: 669, Time: 00:04:03

Health: 0/44       AC:  6    Str: 16 (19) XL:     4   Next: 47%
Magic:  3/3        EV: 10    Int:  4 (7)  God:    Kikubaaqudgha [**....]
Gold:   91         SH:  0    Dex: 10 (12) Spells: 0 memorised, 3 levels left

rFire  . . .     SeeInvis .       - Unarmed
rCold  . . .     Gourm    +     a - +1 robe
rNeg   . . .     Faith    .     (no shield)
rPois  .         Spirit   .     (helmet restricted)
rElec  .         Dismiss  .     (no cloak)
rCorr  .         Reflect  .     (gloves unavailable)
SustAt .         Harm     .     (boots unavailable)
MR     .....                    (no amulet)
Stlth  +.........               (no ring)
                                (no ring)

@: very slightly contaminated, slowed, very slow, not resistant to hostile
enchantments, very unstealthy
A: unfitting armour, claws 3, fast metabolism 3, gourmand, regeneration 2,
shaggy fur 1, tough skin 2
a: Receive Corpses, Renounce Religion


You were in an ossuary.
You worshipped Kikubaaqudgha.
Kikubaaqudgha was pleased with you.
You were full.

You visited 1 branch of the dungeon, and saw 4 of its levels.
You also visited: Ossuary.

You collected 91 gold pieces.

Inventory:

Missiles
 h - 6 tomahawks (quivered)
Armour
 a - a +1 robe (worn)
Scrolls
 i - 2 scrolls of identify {unknown}
 j - a scroll of remove curse {unknown}
 k - a scroll of immolation {unknown}
Books
 g - Kikubaaqudgha's Reference Book on Unholy Magic
   (Kikubaaqudgha gifted it to you on level 2 of the Dungeon)

   Spells                             Type                      Level
   a - Pain                           Necromancy                   1
   b - Corpse Rot                     Necromancy                   2
   c - Sublimation of Blood           Necromancy                   2
   d - Vampiric Draining              Necromancy                   3
   e - Control Undead                 Necromancy                   4
Comestibles
 b - 2 bread rations
 d - 3 meat rations


   Skills:
 - Level 2.4 Fighting
 - Level 2.4 Dodging
 - Level 1.1 Stealth
 + Level 6.0 Unarmed Combat


You had 3 spell levels left.
You didn't know any spells.

Dungeon Overview and Level Annotations

Branches:
Dungeon (4/15)
 Temple: D:4-7

Altars:
Kikubaaqudgha
The Shining One


Innate Abilities, Weirdness & Mutations

You are too large for most types of armour.
You have claws for hands.
Your metabolism is lightning-fast.
You like to eat raw meat.
You heal very quickly.
You are covered in fur (AC +1).
You have very tough skin (AC +2).


Message History

The wraith drains your vigour!
You feel as though you will be slow longer.
The mummy hits you.
* * * LOW HITPOINT WARNING * * *
Drink which item? (? for menu, Esc to quit)
You feel much better. The wraith closely misses you. The mummy hits you.
You completely miss the mummy.
The mummy is almost destroyed.
The wraith hits you. The wraith drains your vigour!
You feel as though you will be slow longer.
The wraith hits you. The wraith drains your vigour!
You feel as though you will be slow longer.
The mummy hits you.
* * * LOW HITPOINT WARNING * * *
You claw the mummy!
You destroy the mummy!
Your Unarmed Combat skill increases to level 6!
The wraith hits you!
You die...
Kikubaaqudgha rasps: "You have failed me!
Welcome... death!"

##.....## ##..^##
#### ########'''###
#..................
#... ........^.....
#..# #..###..###..#
#..# #..#.#..#.#..#
#..#+#..#'#..#'#..#
#.@#.#..#.#..#.#..#
#^.W............^..
#..................
#..####......###..M
#..#.'.^.8...# #...
#..####......#+#...
#............#.#...
#..................
#..####.####...^.##


You could see a wraith.

Vanquished Creatures
  A centaur skeleton (D:4)
  A big kobold zombie (Ossuary)
  A mummy (Ossuary)
  An adder (D:2)
  2 worms
  A dart slug (D:3)
  An orc (D:3)
  A giant cockroach (D:1)
  2 gnoll zombies (Ossuary)
  4 hobgoblins
  3 kobolds
  2 bats (D:2)
  A giant newt (D:2)
  2 goblins
  3 hobgoblin zombies (Ossuary)
  6 kobold zombies (Ossuary)
  A rat (D:2)
33 creatures vanquished.

Vanquished Creatures (others)
  2 jackals (D:1)
2 creatures vanquished.

Grand Total: 35 creatures vanquished

Notes
Turn   | Place    | Note
--------------------------------------------------------------
     0 | D:1      | M4edhros the Troll Monk began the quest for the Orb.
     0 | D:1      | Reached XP level 1. HP: 22/22 MP: 0/0
    91 | D:2      | Reached XP level 2. HP: 18/29 MP: 1/1
   222 | D:2      | Found an ancient bone altar of Kikubaaqudgha.
   239 | D:2      | Became a worshipper of Kikubaaqudgha
   239 | D:2      | Reached * piety under Kikubaaqudgha
   239 | D:2      | Received a gift from Kikubaaqudgha
   239 | D:2      | Reached ** piety under Kikubaaqudgha
   240 | D:2      | Identified Kikubaaqudgha's Reference Book on Unholy Magic (Kikubaaqudgha gifted it to you on level 2 of the Dungeon)
   335 | D:3      | Found a glowing golden altar of the Shining One.
   339 | D:3      | Reached skill level 5 in Unarmed Combat
   339 | D:3      | Reached XP level 3. HP: 36/36 MP: 2/2
   430 | D:4      | Found a sand-covered staircase.
   441 | Ossuary  | Entered an ossuary
   441 | Ossuary  | Noticed a wraith
   441 | Ossuary  | Noticed a wraith
   441 | Ossuary  | Noticed a wraith
   465 | Ossuary  | Reached XP level 4. HP: 44/44 MP: 3/3
   606 | Ossuary  | Noticed a wraith
   669 | Ossuary  | Reached skill level 6 in Unarmed Combat
   669 | Ossuary  | Slain by a wraith

Vault maps used:
D:1:      shiori_arrival_maze, st_stairs_6, serial_bayou_ford_a,
          lemuel_flame_loot_1
D:2:      lemuel_coloured_pillars_altar
D:3:      first_bread, tso_metal_star, uniq_grinder
D:4:      enter_ossuary_1
Ossuary:  ossuary_kennysheep_city_of_the_dead

Skill      XL: |  1  2  3  4 |
---------------+-------------+-----
Unarmed Combat | 5 6 |  6.0
Fighting       | |  2.4
Dodging        | |  2.4
Stealth        | |  1.1

Action                   |  1- 3 |  4- 6 || total
-------------------------+-------+-------++-------
Melee: Unarmed           |    58 |    35 ||    93
       Punch             |     2 |     2 ||     4
  Use: Scroll            |     1 |       ||     1
       Potion            |       |     5 ||     5
 Stab: Sleeping          |     2 |       ||     2
  Eat: Chunk             |     9 |       ||     9
Armor: Robe              |    19 |    12 ||    31
Dodge: Dodged            |    25 |    15 ||    40
